 Dungeon Crawl Stone Soup version 0.30.0-29-ga12c61a403 (webtiles) character file.

Game seed: 7841583304932099912

0 hawla the Firebug (level 1, 0/14 HPs)
             Began as a Meteoran Fire Elementalist on June 4, 2023.
             Slain by Sigmund
             ... wielding a +2 scythe of pain
              (2 damage)
             ... on level 2 of the Dungeon.
             The game lasted 00:00:26 (40 turns).

hawla the Firebug (Meteoran Fire Elementalist)        Turns: 40, Time: 00:00:27

Health: 0/14       AC:  2    Str:  9    XL:     1   Next: 14%
Magic:  3/5        EV: 12    Int: 16    God:
Gold:   18         SH:  0    Dex: 14    Spells: 4/5 levels left

rFire   . . .        (no weapon)
rCold   . . .        (no shield)
rNeg    . . .        a - +0 robe
rPois   .            (no helmet)
rElec   .            (no cloak)
rCorr   .            (no gloves)
SInv    .            (no boots)
Will    .....        (no amulet)
Stlth   +            (no ring)
HPRegen 0.22/turn    (no ring)
MPRegen 0.09/turn

%: no passive effects
@: glowing
A: sense surroundings 1, otherworldly, glowing, explore regen
a: no special abilities


You were on level 2 of the Dungeon.
You visited 1 branch of the dungeon, and saw 2 of its levels.

You collected 18 gold pieces.

Inventory:

Armour
 a - a +0 robe (worn)
Potions
 b - a potion of magic


   Skills:
 + Level 2.4 Dodging
 - Level 1.4 Stealth
 + Level 2.7 Spellcasting
 + Level 1.2 Conjurations
 + Level 3.6 Fire Magic


You had 4 spell levels left.
You knew the following spells:

 Your Spells              Type           Power      Damage    Failure   Level
a - Foxfire               Conj/Fire      36%        2x1d5     7%          1

Your spell library contained the following spells:

 Spells                   Type           Power      Damage    Failure   Level
 Scorch                   Fire           26%        2d6       7%          2
 Freeze                   Ice            8%         1d3       19%         1
 Inner Flame              Hex/Fire       8%         N/A       26%         3
 Volatile Blastmotes      Fire/Tloc      16%        2d11      26%         3
 Hailstorm                Conj/Ice       4%         3d4       41%         3
 Frozen Ramparts          Ice            4%         1d1       50%         3
 Flame Wave               Conj/Fire      9%         2d6       56%         4


Dungeon Overview and Level Annotations

Branches:
Dungeon (2/15) Zot: 1159

Altars:

Annotations:
D:2 Sigmund


Innate Abilities, Weirdness & Mutations

You passively map a small area around you.
You are easily found by Zot.
You glow in the dark.
You regain HP and MP as you explore.


Message History

You add the spells Freeze, Frozen Ramparts and Hailstorm to your library.
Found a stone staircase leading up.
A ball python comes into view.
The ball python hisses angrily.
A ball python is nearby!
You see here 18 gold pieces.
You now have 18 gold pieces.
Casting: Foxfire (safe; 7% risk of failure)
Confirm with . or Enter, or press ? or * to list all spells.
You conjure some foxfire!
The ball python closely misses you. The ball python grabs you.
The ball python constricts you.
You escape the ball python's grasp.
The ball python attacks as you move away!
The ball python closely misses you. x2; The foxfire hits the ball python.
You kill the ball python!
Your foxfire dissipates!
Magic restored.
Sigmund the Dreaded comes into view.
He is wielding a +2 scythe of pain.
Sigmund shouts!
Sigmund mumbles some strange words.
Sigmund flickers and vanishes!
Deactivating autopickup; reactivate with Ctrl-A.
Casting: Foxfire (safe; 7% risk of failure)
Confirm with . or Enter, or press ? or * to list all spells.
You conjure some foxfire!
Casting: Foxfire (safe; 7% risk of failure)
Confirm with . or Enter, or press ? or * to list all spells.
You conjure some foxfire!
Something hits you!
Ouch! That really hurt!
* * * LOW HITPOINT WARNING * * *
The foxfire hits something.
The foxfire hits something but does no damage.
The foxfire hits something.
Your foxfire dissipates!
Casting: Foxfire (safe; 7% risk of failure)
Confirm with . or Enter, or press ? or * to list all spells.
You conjure some foxfire!
Something hits you.
* * * LOW HITPOINT WARNING * * *
You writhe in agony.
You die...

* * * ** #### ,
, , ..# , ,
#######.###.# ,
.......@v...#
#######v######
, ,
........{....#
*#######.##.###
#.# # #.#* ,
#.#* * * * #.#
* * #.#*


There were no monsters in sight!

Vanquished Creatures
  A ball python (D:2)
1 creature vanquished.

Vanquished Creatures (others)
  5 foxfires (D:2)
5 creatures vanquished.

Grand Total: 6 creatures vanquished

Notes
Turn   | Place    | Note
-------+----------+-------------------------------------------
     0 | D:1      | hawla the Meteoran Fire Elementalist began the quest for
                  | the Orb.
     0 | D:1      | Reached XP level 1. HP: 14/14 MP: 5/5
    35 | D:2      | Noticed Sigmund
    40 | D:2      | Slain by Sigmund

Illustrated notes

Levels and vault maps discovered:
D:1:      minmay_arrival_floating_metal, layout_loops_corners
D:2:      layout_basic, cheibrodos_gnoll_hut, uniq_sigmund, uniq_jessica,
          uniq_robin, uniq_crazy_yiuf_cottage

Action                     || total
---------------------------++-------
   Cast: Foxfire           ||     4
  Dodge: Dodged            ||     3
